 Dungeon Crawl Stone Soup version 0.20.1-1-g8b1a95d (webtiles) character file.

2361 KrisztiCat the Basher (level 9, -9/106 HPs)
             Began as a Minotaur Berserker on Nov 12, 2017.
             Was an Elder of Trog.
             Mangled by a hornet (13 damage)
             ... while paralysed by a hornet
             ... on level 8 of the Dungeon.
             The game lasted 00:26:48 (4836 turns).

KrisztiCat the Basher (Minotaur Berserker)          Turns: 4836, Time: 00:26:48

Health: -9/106     AC:  7    Str: 30    XL:     9   Next: 21%
Magic:  0/8        EV:  2    Int:  5    God:    Trog [****..]
Gold:   291        SH:  0    Dex:  9    Spells: 8/8 levels left

rFire    . . .     SeeInvis .   q - +3 mace
rCold    . . .     Gourm    .   (no shield)
rNeg     . . .     Faith    .   r - +0 scale mail
rPois    .         Spirit   +   (helmet restricted)
rElec    .         Reflect  .   v - scarf {Spirit}
rCorr    .         Harm     .   d - +0 pair of gloves
MR       ++...                  (no boots)
Stlth    ..........             m - amulet of guardian spirit
Regen    1.3/turn               (no ring)
MPRegen  0.2/turn               (no ring)

@: paralysed, berserking, lethally poisoned (-9 -> -11), regenerating, slowed
A: retaliatory headbutt, horns 2
a: Berserk, Trog's Hand, Brothers in Arms, Burn Spellbooks, Renounce Religion


You were on level 8 of the Dungeon.
You worshipped Trog.
Trog was greatly pleased with you.
You were very hungry.

You visited 2 branches of the dungeon, and saw 9 of its levels.

You collected 291 gold pieces.

Inventory:

Hand Weapons
 a - a +0 hand axe
 h - a +0 mace
 n - a +2 whip of venom
 q - a +3 mace (weapon)
 u - a +2 whip of freezing
Armour
 b - a +0 animal skin
 d - a +0 pair of gloves (worn)
 o - a +1 plate armour
 r - a +0 scale mail (worn)
 v - a scarf of spirit shield (worn)
Jewellery
 m - an amulet of guardian spirit (around neck)
Wands
 s - a wand of flame (23/48)
Scrolls
 i - a scroll of identify
 p - a scroll of blinking
 w - 2 scrolls of remove curse
Potions
 e - 3 potions of might
 j - 4 potions of curing
 k - 3 potions of mutation
 l - a potion of berserk rage
 t - 4 potions of flight
 x - 3 potions of agility
Comestibles
 c - 7 bread rations
 f - 2 royal jellies
 g - 5 meat rations
 z - 5 chunks of flesh


   Skills:
 - Level 4.0 Fighting
 - Level 4.1(10.0) Axes
 + Level 13.7(13.9) Maces & Flails
 - Level 2.6 Armour
 - Level 2.5 Dodging
 - Level 0.1 Stealth


You had 8 spell levels left.
You didn't know any spells.

Dungeon Overview and Level Annotations

Branches:
Dungeon (8/15)             Temple (1/1) D:7
   Lair: D:8-11

Altars:
Ashenzari
Cheibriados
Dithmenos
Elyvilon
Fedhas
Gozag
Hepliaklqana
Kikubaaqudgha
Makhleb
Nemelex Xobeh
Okawaru
Qazlal
Ru
Sif Muna
Trog
Uskayaw
Vehumet
Xom
Yredelemnul
Zin
The Shining One


Innate Abilities, Weirdness & Mutations

You reflexively headbutt those who attack you in melee.
You have a pair of horns on your head.


Message History

A red film seems to cover your vision as you go berserk!
You feel yourself moving faster!
You feel mighty!
You are feeling very hungry.
You feel sick. The hornet misses you. The hornet stings you!
* * * LOW HITPOINT WARNING * * *
You feel as though you will be slow longer.
You miss the hornet. Your headbutt misses the hornet.
The hornet is lightly wounded.
You feel sick. The hornet stings you.
* * * LOW HITPOINT WARNING * * *
You are more poisoned.
You suddenly lose the ability to move!
A worker ant zombie comes into view.
You feel sick. The hornet stings you!
* * * LOW HITPOINT WARNING * * *
You shrug off the repeated paralysis!
The hornet barely misses you.
You feel sick.
The hornet stings you but does no damage.
You feel sick. The hornet stings you!
You die...

#####......#
......####.#
##########.#
.........#.#
########.#.#### .#
#......# .### #####..#
.).#########..##########
.#..............@yh....#
.###########.##.##Z.##.#
## ######## '###
########### #### #### #
#


You could see a hornet, a hound and a worker ant zombie.

Vanquished Creatures
  Pikel (D:4)
  The ghost of Fingolfin the Thaumaturge, a novice DESu of Gozag (D:6)
  Prince Ribbit (D:6)
  2 ice beasts
  A black bear (D:6)
  2 centaurs
  2 ogres (D:5)
  A water moccasin zombie (D:6)
  2 scorpions
  A water moccasin skeleton (D:6)
  4 howler monkeys
  2 crimson imps (D:6)
  A centaur zombie (D:5)
  A quasit (D:7)
  2 hounds
  An orc priest (D:5)
  2 orc wizards (D:5)
  An iguana (D:5)
  3 worker ants
  A hound skeleton (D:6)
  7 adders
  2 shadow imps (D:5)
  2 oozes
  2 worms
  A dart slug (D:1)
  2 leopard geckos
  10 orcs
  6 giant cockroaches
  8 goblins
  6 hobgoblins
  12 jackals
  2 quokkas
  2 ball pythons (D:1)
  5 bats
  3 frilled lizards
  6 kobolds
  4 rats
112 creatures vanquished.

Vanquished Creatures (others)
  A giant cockroach (D:4)
  4 jackals (D:4)
5 creatures vanquished.

Grand Total: 117 creatures vanquished

Notes
Turn   | Place    | Note
-------+----------+-------------------------------------------
     0 | D:1      | KrisztiCat the Minotaur Berserker began the quest for the Orb.
     0 | D:1      | Reached XP level 1. HP: 19/19 MP: 0/0
   729 | D:1      | Reached XP level 2. HP: 22/27 MP: 1/1
  1382 | D:2      | Reached ** piety under Trog
  1393 | D:2      | Reached skill level 1 in Maces & Flails
  1393 | D:2      | Reached XP level 3. HP: 33/33 MP: 2/2
  1483 | D:2      | Reached skill level 2 in Maces & Flails
  1724 | D:2      | Found a sparkling altar of Nemelex Xobeh.
  1833 | D:2      | Reached skill level 3 in Maces & Flails
  1833 | D:2      | Reached XP level 4. HP: 38/40 MP: 3/3
  2427 | D:3      | Reached skill level 4 in Maces & Flails
  2523 | D:4      | Noticed a slave
  2524 | D:4      | Noticed Pikel
  2525 | D:4      | Noticed a slave
  2525 | D:4      | Noticed a slave
  2525 | D:4      | Noticed a slave
  2530 | D:4      | Killed Pikel
  2530 | D:4      | Reached skill level 8 in Maces & Flails
  2530 | D:4      | Reached XP level 5. HP: 46/46 MP: 4/4
  2530 | D:4      | Reached XP level 6. HP: 52/52 MP: 5/5
  2530 | D:4      | Reached XP level 7. HP: 59/59 MP: 6/6
  2559 | D:5      | Entered Level 5 of the Dungeon
  2683 | D:5      | Found a glowing golden altar of the Shining One.
  3405 | D:5      | Reached skill level 9 in Maces & Flails
  3444 | D:5      | Reached *** piety under Trog
  3535 | D:5      | Reached skill level 10 in Maces & Flails
  3732 | D:6      | Noticed Prince Ribbit
  3746 | D:6      | Killed Prince Ribbit
  3746 | D:6      | Reached XP level 8. HP: 66/66 MP: 7/7
  3816 | D:5      | Reached skill level 11 in Maces & Flails
  3951 | D:6      | Noticed Fingolfin's ghost (novice DESu)
  3964 | D:6      | Killed Fingolfin's ghost
  3964 | D:6      | Reached skill level 12 in Maces & Flails
  4313 | D:6      | Reached skill level 13 in Maces & Flails
  4313 | D:6      | Reached XP level 9. HP: 59/71 MP: 6/8
  4416 | D:7      | Reached **** piety under Trog
  4444 | D:7      | Found a staircase to the Ecumenical Temple.
  4495 | Temple   | Entered the Ecumenical Temple
  4827 | D:8      | Paralysed by a hornet for 3 turns
  4833 | D:8      | Paralysed by a hornet for 3 turns
  4835 | D:8      | HP: 5/106 [poisoned by a hornet]
  4836 | D:8      | Mangled by a hornet

Skill      XL: |  1  2  3  4  5  6  7  8 |
---------------+-------------------------+-----
Axes           | 4 |  4.1
Fighting       | 4 |  4.0
Maces & Flails | 1 3 8 10 13 | 13.7
Armour         | |  2.6
Dodging        | |  2.5
Stealth        | |  0.1

Action                   |  1- 3 |  4- 6 |  7- 9 || total
-------------------------+-------+-------+-------++-------
Melee: Hand axe          |    17 |       |       ||    17
       Headbutt          |    11 |     5 |    37 ||    53
       Mace              |    75 |     5 |   180 ||   260
       Whip              |       |    28 |    33 ||    61
Invok: Burn Spellbooks   |     1 |       |     2 ||     3
       Berserk           |       |     1 |     3 ||     4
       Trog's Hand       |       |     1 |     2 ||     3
  Use: Scroll            |     6 |     1 |     6 ||    13
  Eat: Chunk             |     3 |     2 |    10 ||    15
       Fruit             |       |       |     1 ||     1
Armor: Animal skin       |     9 |       |       ||     9
       Plate armour      |    23 |    24 |    44 ||    91
       Scale mail        |       |       |    42 ||    42
Dodge: Dodged            |    48 |    11 |    78 ||   137
